 Dungeon Crawl Stone Soup version 0.17.1-1-g73c8601 (webtiles) character file.

353 Implojin the Ruffian (level 6, -3/59 HPs)
             Began as a Troll Fighter on Apr 8, 2016.
             Slain by a yak (13 damage)
             ... on level 8 of the Dungeon.
             The game lasted 00:02:37 (501 turns).

Implojin the Ruffian (Troll Fighter)                 Turns: 501, Time: 00:02:37

Health: -3/59      AC:  5    Str: 30    XL:     6   Next: 35%
Magic:  5/5        EV:  8    Int:  4    God:
Gold:   19         SH:  9    Dex: 11    Spells: 0 memorised, 5 levels left

rFire  . . .     SeeInvis .       - Unarmed
rCold  . . .     Clarity  .     a - +0 robe
rNeg   . . .     SustAt   .     b - +0 shield
rPois  .         Gourm    +     (helmet restricted)
rElec  .         Spirit   .     (no cloak)
rCorr  .         Warding  .     (gloves unavailable)
rMut   .         Stasis   .     (boots unavailable)
MR     .....                    (no amulet)
Stlth  +.........               (no ring)
                                (no ring)

@: mighty, not resistant to hostile enchantments, very unstealthy
A: unfitting armour, claws 3, fast metabolism 3, gourmand, regeneration 2,
shaggy fur 1, tough skin 2
a: no special abilities


You were on level 8 of the Dungeon.
You were very full.

You visited 1 branch of the dungeon, and saw 6 of its levels.

You collected 19 gold pieces.

Inventory:

Armour
 a - a +0 robe (worn)
 b - a +0 shield (worn)
Jewellery
 g - an uncursed ring of ice {unknown}
Wands
 f - a wand of confusion (14)
Scrolls
 e - a scroll of fear {unknown}
 h - a scroll of noise {unknown}
 i - a scroll of fog {unknown}
 k - a scroll of teleportation {unknown}
Potions
 j - a potion of heal wounds {unknown}
Comestibles
 d - 3 bread rations


   Skills:
 - Level 2.4 Fighting
 - Level 2.4 Dodging
 - Level 2.4 Shields
 * Level 6.8 Unarmed Combat


You had 5 spell levels left.
You didn't know any spells.

Dungeon Overview and Level Annotations

Branches:
Dungeon (8/15)
 Temple: D:4-7         Lair: D:8-11

Altars:
Qazlal


Innate Abilities, Weirdness & Mutations

You are too large for most types of armour.
You have claws for hands.
Your metabolism is lightning-fast.
You like to eat raw meat.
You heal very quickly.
You are covered in fur (AC +1).
You have very tough skin (AC +2).


Message History

The yak is almost dead.
The yak barely misses you.
The phantom blinks!
You scratch the yak.
The yak is almost dead.
The yak gores you!
* * * LOW HITPOINT WARNING * * *
You claw the yak!
You kill the yak!
Your Unarmed Combat skill increases to level 6!
You have reached level 6!
Your experience leads to an increase in your attributes!
Increase (S)trength, (I)ntelligence, or (D)exterity?
You feel agile.
You feel stronger.
You scratch the yak.
The yak is lightly wounded.
The yak gores you but does no damage.
You scratch the yak.
The yak is moderately wounded.
You block the yak's attack.
You claw the yak!
The yak is severely wounded.
The phantom blinks!
The yak gores you!
* * * LOW HITPOINT WARNING * * *
You open the door.
A hippogriff and a skeleton come into view.
The hippogriff screeches!
The yak barely misses you.
Found 3 fruits and a ring mail.
Unknown command.
The phantom blinks!
There is an open door here.
Drink which item? (? for menu, Esc to quit)
You feel very mighty all of a sudden. The yak barely misses you.
Unknown command.
Unknown command.
You claw the yak!
The yak is almost dead.
The yak gores you!
You die...

#.#
#.....##
#.#
#.....##
#.#
#.....##
#.#
#.....##
#.#
########
#.# # #Y# #
#Y# #@#
#..Z.#
#%...H.
#........
#..........
#....[.....
#....#+#+#.
#....#


You could see 2 yaks, a hippogriff and a water moccasin skeleton.

Vanquished Creatures
  A yak (D:8)
  A big kobold (D:8)
  A scorpion (D:8)
  A jelly (D:8)
  An orc wizard (D:4)
  An adder (D:8)
  3 giant geckos
  3 orcs (D:4)
  A giant cockroach (D:2)
  4 hobgoblins
  A bat (D:1)
  A giant newt (D:2)
  4 kobolds
  2 rats (D:2)
25 creatures vanquished.

Notes
Turn   | Place    | Note
--------------------------------------------------------------
     0 | D:1      | Implojin the Troll Fighter began the quest for the Orb.
     0 | D:1      | Reached XP level 1. HP: 22/22 MP: 0/0
   170 | D:2      | Reached XP level 2. HP: 29/29 MP: 1/1
   215 | D:2      | Reached skill level 3 in Unarmed Combat
   277 | D:4      | Reached XP level 3. HP: 26/36 MP: 2/2
   278 | D:4      | Reached skill level 4 in Unarmed Combat
   306 | D:4      | You fall through a shaft for 3 floors!
   309 | D:7      | Found a stormy altar of Qazlal.
   378 | D:8      | Noticed a big kobold
   399 | D:8      | Killed a big kobold
   399 | D:8      | Reached skill level 5 in Unarmed Combat
   399 | D:8      | Reached XP level 4. HP: 20/44 MP: 3/3
   432 | D:8      | Noticed a scorpion
   438 | D:8      | Killed a scorpion
   438 | D:8      | Reached XP level 5. HP: 40/50 MP: 4/4
   450 | D:8      | Noticed a phantom
   452 | D:8      | Noticed a yak
   453 | D:8      | Noticed a yak
   454 | D:8      | Noticed a yak
   455 | D:8      | Noticed a yak
   476 | D:8      | Killed a yak
   476 | D:8      | Reached skill level 6 in Unarmed Combat
   476 | D:8      | Reached XP level 6. HP: 8/59 MP: 5/5
   498 | D:8      | Noticed a hippogriff
   501 | D:8      | Slain by a yak

Action                   |  1- 3 |  4- 6 || total
-------------------------+-------+-------++-------
Melee: Unarmed           |    67 |    30 ||    97
  Use: Potion            |       |     1 ||     1
  Eat: Chunk             |     8 |       ||     8

Table legend:
 A = Turns spent in this place as a percentage of turns spent in the entire game.
 B = Non-inter-level travel turns spent in this place as a percentage of non-inter-level travel turns spent in the entire game.
 C = Inter-level travel turns spent in this place as a percentage of turns spent in this place.
 D = Turns resting spent in this place as a percentage of non-inter-level travel turns spent in this place.
 E = Turns spent auto-exploring this place as a percentage of non-inter-level travel turns spent in this place.
 F = Non-inter-level travel turns spent in this place divided by the number of levels of this place that you've seen.
                   A       B       C       D       E      F
               +-------+-------+-------+-------+-------+----------------------
         Total | 100.0 | 100.0 |   0.0 |   0.0 |   0.0 |  82.2
       Dungeon | 100.0 | 100.0 |   0.0 |   0.0 |   0.0 |  82.2
               +-------+-------+-------+-------+-------+----------------------

Table legend:
 A = Kills in this place as a percentage of kills in entire the game.
 B = Kills by you in this place as a percentage of kills by you in the entire game.
 C = Kills by friends in this place as a percentage of kills by friends in the entire game.
 D = Other kills in this place as a percentage of other kills in the entire game.
 E = Experience gained in this place as a percentage of experience gained in the entire game.
 F = Experience gained in this place divided by the number of levels of this place that you have seen.
                   A       B       C       D       E      F
               +-------+-------+-------+-------+-------+----------------------
         Total | 100.0 | 100.0 |  -nan |  -nan | 100.0 |  84.2
       Dungeon | 100.0 | 100.0 |  -nan |  -nan | 100.0 |  84.2
               +-------+-------+-------+-------+-------+----------------------
